 Dungeon Crawl Stone Soup version bcrawl-1.12.2 (webtiles) character file.

Game seed: 9365002953164952582

28 RedPan the Slasher (level 3, 0/22 HPs)
             Began as an Avariel Reaver on July 23, 2019.
             Was an Initiate of Vehumet.
             Slain by a gnoll
             ... wielding a +0 flail
              (9 damage)
             ... on level 1 of the Dungeon.
             The game lasted 00:02:18 (1162 turns).

RedPan the Slasher (Avariel Reaver)                 Turns: 1162, Time: 00:02:19

Health: 0/22       AC:  6    Str:  9    XL:     3   Next: 14%
Magic:  9/9        EV: 13    Int: 19    God:    Vehumet [......]
Gold:   83         SH:  1    Dex: 12    Spells: 8/8 levels left

rFire    . . .     SeeInvis .   a - +0 long sword
rCold    . . .     Gourm    .   (no shield)
rNeg     . . .     Faith    .   b - +0 steam dragon scales
rPois    .         Spirit   .   (no helmet)
rElec    .         Reflect  .   (no cloak)
rCorr    .         Harm     .   h - +0 pair of gloves
MR       .....                  (no boots)
Stlth    +.........             g - amulet of rage
HPRegen  0.07/turn              (no ring)
MPRegen  0.11/turn              (no ring)

@: no status effects
A: no striking features
a: Renounce Religion, Evoke Berserk Rage


You were on level 1 of the Dungeon.
You worshipped Vehumet.
Vehumet was noncommittal.
You were not hungry.

You visited 1 branch of the dungeon, and saw 2 of its levels.

You collected 83 gold pieces.

Inventory:

Hand Weapons
 a - a +0 long sword (weapon)
Armour
 b - +0 steam dragon scales (worn)
 h - a +0 pair of gloves (worn)
Jewellery
 g - an amulet of rage (around neck)
Scrolls
 d - a scroll of immolation
 e - 2 scrolls of amnesia
 i - a scroll of blinking
 m - a scroll of noise {unknown}
Potions
 c - 2 potions of haste
 j - a potion of might
 k - a potion of berserk rage {unknown}
 n - 2 potions of curing {unknown}
Comestibles
 f - a ration {!d}


   Skills:
 - Level 2.6 Fighting
 + Level 4.2 Long Blades
 + Level 3.5 Dodging
 - Level 3.0 Spellcasting


You had 8 spell levels left.
You didn't know any spells.
Your spell library contained the following spells:

 Spells                   Type           Power        Failure   Level  Hunger
 Iskenderun's Battlesphe  Conj/Chrm      #.......     99%         5    ######.


Dungeon Overview and Level Annotations

Branches:
Dungeon (2/12)

Altars:
Makhleb
Xom


Message History

You hit the hobgoblin.
The hobgoblin is heavily wounded.
The hobgoblin hits you but does no damage.
You closely miss the hobgoblin.
The hobgoblin is heavily wounded.
The hobgoblin hits you with a +0 club.
You hit the hobgoblin.
You kill the hobgoblin!
Vehumet accepts your kill.
There is a stone staircase leading up here.
You climb upwards.
There is a stone staircase leading down here.
You barely miss the gnoll. The gnoll misses you.
You hit the gnoll.
The gnoll is moderately wounded.
The gnoll completely misses you.
You hit the gnoll.
The gnoll is heavily wounded.
The gnoll hits you with a +0 flail!
You die...

#.#...##.....................
#.###.#####..######..........
#.###.......## ##.########
#####.......##### ####.#
......####.## #....# #####..#
#.## ###.#### .# ##.###..##
#...######
.#####..###..######.#......#
......#.####....@g>......###
.............#.###.....###
#..............###.#####
#######....###.#...# #######
#..........### #.....#
#####...###...######...>.# #
#.......####.............#
###.............######.....#
(.....รท....................#


You could see a gnoll.

Vanquished Creatures
  3 leopard geckos
  A ball python (D:1)
  A giant cockroach (D:1)
  A goblin (D:1)
  7 hobgoblins
  2 jackals (D:1)
  A bat (D:2)
  A frilled lizard (D:1)
  5 kobolds
22 creatures vanquished.

Notes
Turn   | Place    | Note
-------+----------+-------------------------------------------
     0 | D:1      | RedPan the Avariel Reaver began the quest for the Orb.
     0 | D:1      | Reached XP level 1. HP: 13/13 MP: 6/6
   395 | D:1      | Reached XP level 2. HP: 18/18 MP: 8/8
   725 | D:1      | Reached skill level 4 in Long Blades
   938 | D:2      | Reached XP level 3. HP: 17/22 MP: 9/9
  1125 | D:2      | Found a burning altar of Makhleb.
  1125 | D:2      | Found a shimmering altar of Xom.
  1162 | D:1      | Slain by a gnoll

Skill      XL: |  1  2 |
---------------+-------+-----
Spellcasting   | 3 |  3.0
Long Blades    | 4 |  4.2
Fighting       | |  2.6
Dodging        | |  3.5

Action                   || total
-------------------------++-------
Melee: Long sword        ||   114
  Use: Scroll            ||     4
  Eat: Chunk             ||     1
Armor: Steam dragon scal ||    33
Dodge: Dodged            ||    83
